ITL
ALLENTOWN HILLBILLIES @ WABA DUCKS
08/14/2027
 
TOP OF THE 1ST
Allentown Hillbillies batting - Pitching for Waba Ducks : RHP Anthony Rigsby
Pitching: RHP Anthony Rigsby
Batting: LHB George Knight 0-0: Swinging Strike
0-1: Ground out U3 (Groundball, 3L)
Batting: RHB Justin Harris 0-0: Ball
1-0: Foul Ball, location: 2F
1-1: Ground out 6-3 (Groundball, 6)
Batting: RHB Donald Sanford 0-0: SINGLE (Line Drive, 6MD)
Batting: RHB Diego Rivera 0-0: Foul Ball, location: 2F
0-1: Fly out, F4 (Line Drive, 4)
Top of the 1st over - 0 run(s), 1 hit(s), 0 error(s), 1 left on base; Allentown 0 - Waba 0
BOTTOM OF THE 1ST
Waba Ducks batting - Pitching for Allentown Hillbillies : RHP Mario Torres
Pitching: RHP Mario Torres
Batting: RHB Kelly Graham 0-0: Called Strike
0-1: Called Strike
0-2: Ball
1-2: Foul Ball, location: 2F
1-2: Strikes out swinging
Batting: RHB Pedro Molina 0-0: Called Strike
0-1: SINGLE (Line Drive, 56)
Batting: RHB Mario López 0-0: SINGLE (Groundball, 56D)
Pedro Molina to second
Batting: RHB Chris Osborn 0-0: Foul Ball, location: 2F
0-1: Foul Ball, location: 2F
0-2: Strikes out swinging
Batting: RHB Paul Spencer 0-0: Ball
1-0: Foul Ball, location: 2F
1-1: Fly out, F9 (Flyball, 9LSF)
Bottom of the 1st over - 0 run(s), 2 hit(s), 0 error(s), 2 left on base; Allentown 0 - Waba 0
TOP OF THE 2ND
Allentown Hillbillies batting - Pitching for Waba Ducks : RHP Anthony Rigsby
Batting: LHB Eduardo Rodríguez 0-0: Ball
1-0: Called Strike
1-1: Ball
2-1: Called Strike
2-2: Foul Ball, location: 2F
2-2: Ball
3-2: Base on Balls
Batting: RHB Dan Banks 0-0: Ball
1-0: Ball
2-0: Fly out, F4 (Line Drive, 34)
Batting: RHB Carl Brown 0-0: Ball
1-0: Foul Ball, location: 2F
1-1: Swinging Strike
1-2: Foul Ball, location: 2F
1-2: Ball
2-2: Foul Ball, location: 2F
2-2: Fly out, F9 (Flyball, 89S)
Batting: RHB Bartolo López 0-0: Called Strike
0-1: Ball
1-1: Foul Ball, location: 2F
1-2: Ball
2-2: Foul Ball, location: 2F
2-2: Fly out, F9 (Flyball, 9LS)
Top of the 2nd over - 0 run(s), 0 hit(s), 0 error(s), 1 left on base; Allentown 0 - Waba 0
BOTTOM OF THE 2ND
Waba Ducks batting - Pitching for Allentown Hillbillies : RHP Mario Torres
Batting: RHB Jeremy Flemming 0-0: Ball
1-0: Ball
2-0: Called Strike
2-1: Ball
3-1: Swinging Strike
3-2: Foul Ball, location: 2F
3-2: Base on Balls
Batting: RHB Ángelo García 0-0: Ball
1-0: DOUBLE (Line Drive, 9LS)
Jeremy Flemming to third
Runner from 3rd tries for Home, SAFE, no throw
Batting: RHB Shaun Puckett 0-0: Ball
1-0: Ground out 3-1 (Groundball, 34S)
Ángelo García to third
Batting: SHB Reynaldo Gallegos 0-0: Called Strike
0-1: Ball
1-1: Foul Ball, location: 2F
1-2: Ball
2-2: Ball
3-2: Strikes out looking
Batting: RHB Kelly Graham 0-0: Ball
1-0: Ball
2-0: Foul Ball, location: 2F
2-1: Ball
3-1: Called Strike
3-2: Base on Balls
Batting: RHB Pedro Molina 0-0: Called Strike
0-1: DOUBLE (Line Drive, 7LS)
Ángelo García scores
Kelly Graham to third
Runner from 3rd tries for Home, SAFE, no throw
Batting: RHB Mario López 0-0: Ball
1-0: Swinging Strike
1-1: Ball
2-1: Ball
3-1: Foul Ball, location: 2F
3-2: Fly out, F7 (Flyball, 7S)
Bottom of the 2nd over - 3 run(s), 2 hit(s), 0 error(s), 1 left on base; Allentown 0 - Waba 3
TOP OF THE 3RD
Allentown Hillbillies batting - Pitching for Waba Ducks : RHP Anthony Rigsby
Batting: RHB Joel Jackson 0-0: Ball
1-0: DOUBLE (Line Drive, 7LM)
Batting: LHB George Knight 0-0: Foul Ball, location: 2F
0-1: Called Strike
0-2: Ball
1-2: Strikes out swinging
Batting: RHB Justin Harris 0-0: Ball
1-0: Foul Ball, location: 2F
1-1: Ground out 5-3 (Groundball, 56)
Batting: RHB Donald Sanford 0-0: Called Strike
0-1: Ball
1-1: Foul Ball, location: 2F
1-2: Foul Ball, location: 2F
1-2: Ball
2-2: Foul Ball, location: 2F
2-2: Ball
3-2: Base on Balls
Batting: RHB Diego Rivera 0-0: Called Strike
0-1: Ball
1-1: Foul Ball, location: 2F
1-2: Strikes out swinging
Top of the 3rd over - 0 run(s), 1 hit(s), 0 error(s), 2 left on base; Allentown 0 - Waba 3
BOTTOM OF THE 3RD
Waba Ducks batting - Pitching for Allentown Hillbillies : RHP Mario Torres
Batting: RHB Chris Osborn 0-0: Swinging Strike
0-1: Ball
1-1: Foul Ball, location: 2F
1-2: Ball
2-2: SINGLE (Groundball, 6MD)
Batting: RHB Paul Spencer 0-0: Grounds into double play, 1-6-3 (Groundball, 13)
Batting: RHB Jeremy Flemming 0-0: Ball
1-0: Foul Ball, location: 2F
1-1: Ball
2-1: Foul Ball, location: 2F
2-2: Ball
3-2: Strikes out swinging
Bottom of the 3rd over - 0 run(s), 1 hit(s), 0 error(s), 0 left on base; Allentown 0 - Waba 3
TOP OF THE 4TH
Allentown Hillbillies batting - Pitching for Waba Ducks : RHP Anthony Rigsby
Batting: LHB Eduardo Rodríguez 0-0: SINGLE (Line Drive, 34D)
Batting: RHB Dan Banks 0-0: SINGLE (Line Drive, 34D)
Eduardo Rodríguez to second
Batting: RHB Carl Brown 0-0: Foul Ball, location: 2F
0-1: Swinging Strike
0-2: Foul Ball, location: 2F
0-2: Foul Ball, location: 2F
0-2: SINGLE (Line Drive, 89S)
Eduardo Rodríguez to third
Dan Banks to second
Batting: RHB Bartolo López 0-0: Swinging Strike
0-1: Ball
1-1: Called Strike
1-2: Fly out, F8 (Flyball, 8RM)
Runner from 3rd tags up, SCORES, throw made
Batting: RHB Joel Jackson 0-0: Ball
1-0: Grounds into double play, 4-6-3 (Groundball, 34)
Top of the 4th over - 1 run(s), 3 hit(s), 0 error(s), 1 left on base; Allentown 1 - Waba 3
BOTTOM OF THE 4TH
Waba Ducks batting - Pitching for Allentown Hillbillies : RHP Mario Torres
Batting: RHB Ángelo García 0-0: Ground out 6-3 (Groundball, 6)
Batting: RHB Shaun Puckett 0-0: SINGLE (Groundball, 56D)
Batting: SHB Reynaldo Gallegos 0-0: Swinging Strike
0-1: Ball
1-1: Called Strike
1-2: Strikes out swinging
Batting: RHB Kelly Graham 0-0: Fly out, F6 (Flyball, 56D)
Bottom of the 4th over - 0 run(s), 1 hit(s), 0 error(s), 1 left on base; Allentown 1 - Waba 3
TOP OF THE 5TH
Allentown Hillbillies batting - Pitching for Waba Ducks : RHP Anthony Rigsby
Batting: LHB George Knight 0-0: Called Strike
0-1: Ground out 4-3 (Groundball, 4)
Batting: RHB Justin Harris 0-0: Ground out 6-3 (Groundball, 6MD)
Batting: RHB Donald Sanford 0-0: Fly out, F7 (Flyball, 7S)
Top of the 5th over - 0 run(s), 0 hit(s), 0 error(s), 0 left on base; Allentown 1 - Waba 3
BOTTOM OF THE 5TH
Waba Ducks batting - Pitching for Allentown Hillbillies : RHP Mario Torres
Batting: RHB Pedro Molina 0-0: SINGLE (Flyball, 8LS)
Batting: RHB Mario López 0-0: Called Strike
0-1: Swinging Strike
0-2: Fly out, F6 (Line Drive, 6)
Batting: RHB Chris Osborn 0-0: SINGLE (Flyball, 4D)
Pedro Molina to second
Runner from 2nd tries for 3rd, SAFE, throw made to third
Batting: RHB Paul Spencer 0-0: Ball
1-0: Called Strike
1-1: Fly out, F8 (Flyball, 8RM)
Runner from 3rd tags up, SCORES, throw made
Batting: RHB Jeremy Flemming 0-0: Called Strike
0-1: Ball
1-1: Ball
2-1: Foul Ball, location: 2F
2-2: Ground out 5-3 (Groundball, 56S)
Bottom of the 5th over - 1 run(s), 2 hit(s), 0 error(s), 1 left on base; Allentown 1 - Waba 4
TOP OF THE 6TH
Allentown Hillbillies batting - Pitching for Waba Ducks : RHP Anthony Rigsby
Batting: RHB Diego Rivera 0-0: SINGLE (Groundball, 56S) (infield hit)
Batting: LHB Eduardo Rodríguez 0-0: Foul Ball, location: 2F
0-1: Foul Ball, location: 2F
0-2: Strikes out swinging
Batting: RHB Dan Banks 0-0: Foul Ball, location: 2F
0-1: Reached on error, E4 (Flyball, 4D)
Diego Rivera to second
Batting: RHB Carl Brown 0-0: Ball
1-0: Ball
2-0: Ball
3-0: Called Strike
3-1: SINGLE (Groundball, 56D)
Diego Rivera to third
Dan Banks to second
Runner from 3rd tries for Home, SAFE, throw made home
Batting: RHB Bartolo López 0-0: Called Strike
0-1: Swinging Strike
0-2: Ball
1-2: TRIPLE (Line Drive, 9LS)
Dan Banks scores
Carl Brown scores
Batting: RHB Joel Jackson 0-0: Foul Ball, location: 2F
0-1: Ball
1-1: Ball
2-1: Ball
3-1: Foul Ball, location: 2F
3-2: SINGLE (Flyball, 7S)
Bartolo López scores
Batting: LHB George Knight 0-0: Ball
1-0: Grounds into double play, 6-4-3 (Groundball, 6)
Top of the 6th over - 4 run(s), 4 hit(s), 1 error(s), 0 left on base; Allentown 5 - Waba 4
BOTTOM OF THE 6TH
Waba Ducks batting - Pitching for Allentown Hillbillies : RHP Mario Torres
Batting: RHB Ángelo García 0-0: Ball
1-0: Ground out 4-3 (Groundball, 34)
Batting: RHB Shaun Puckett 0-0: Ball
1-0: Swinging Strike
1-1: Foul Ball, location: 2F
1-2: Strikes out looking
Batting: SHB Reynaldo Gallegos 0-0: Ground out 3-1 (Groundball, 34)
Bottom of the 6th over - 0 run(s), 0 hit(s), 0 error(s), 0 left on base; Allentown 5 - Waba 4
TOP OF THE 7TH
Allentown Hillbillies batting - Pitching for Waba Ducks : RHP Anthony Rigsby
Batting: RHB Justin Harris 0-0: SINGLE (Line Drive, 6)
Pinch Hitting: RHB Stephen Shaw 0-0: Ball
1-0: Ball
2-0: Ball
3-0: Called Strike
3-1: Called Strike
3-2: Base on Balls
Justin Harris to second
Batting: RHB Diego Rivera 0-0: 3-RUN HOME RUN (Flyball, 78XD), Distance : 380 ft
Pitching: RHP António Mata
Batting: LHB Eduardo Rodríguez 0-0: Ball
1-0: Ball
2-0: Foul Ball, location: 2F
2-1: Called Strike
2-2: Foul Ball, location: 2F
2-2: SINGLE (Line Drive, 4MD)
Batting: RHB Dan Banks 0-0: Swinging Strike
0-1: Ball
1-1: Fly out, F8 (Flyball, 8RM)
Batting: RHB Carl Brown 0-0: Called Strike
0-1: Ball
1-1: Ball
2-1: Ball
3-1: Called Strike
3-2: Base on Balls
Eduardo Rodríguez to second
Batting: RHB Bartolo López 0-0: Ball
1-0: Swinging Strike
1-1: Ball
2-1: Called Strike
2-2: Ball
3-2: Foul Ball, location: 2F
3-2: SINGLE (Line Drive, 78M)
Eduardo Rodríguez to third
Carl Brown to second
Eduardo Rodríguez scores
Carl Brown to third
Batting: RHB Joel Jackson 0-0: Swinging Strike
0-1: Foul Ball, location: 2F
0-2: Grounds into double play, 5-4-3 (Groundball, 56)
Top of the 7th over - 4 run(s), 4 hit(s), 0 error(s), 1 left on base; Allentown 9 - Waba 4
BOTTOM OF THE 7TH
Waba Ducks batting - Pitching for Allentown Hillbillies : RHP Mario Torres
Now in RF: Mason Mabbett
Batting: RHB Kelly Graham 0-0: Ball
1-0: Fly out, F9 (Flyball, 9LSF)
Batting: RHB Pedro Molina 0-0: Foul Ball, location: 2F
0-1: Swinging Strike
0-2: SINGLE (Line Drive, 7S)
Batting: RHB Mario López 0-0: Ball
1-0: Ball
2-0: Ball
3-0: Base on Balls
Pedro Molina to second
Batting: RHB Chris Osborn 0-0: Swinging Strike
0-1: Foul Ball, location: 2F
0-2: Ball
1-2: Strikes out looking
Batting: RHB Paul Spencer 0-0: Fly out, F6 (Line Drive, 6)
Bottom of the 7th over - 0 run(s), 1 hit(s), 0 error(s), 2 left on base; Allentown 9 - Waba 4
TOP OF THE 8TH
Allentown Hillbillies batting - Pitching for Waba Ducks : RHP António Mata
Batting: LHB George Knight 0-0: Ball
1-0: Ball
2-0: Ball
3-0: Called Strike
3-1: Swinging Strike
3-2: Strikes out swinging
Batting: RHB Justin Harris 0-0: Ball
1-0: Called Strike
1-1: Ball
2-1: Swinging Strike
2-2: Ball
3-2: Strikes out swinging
Batting: LHB Mason Mabbett 0-0: Foul Ball, location: 2F
0-1: Called Strike
0-2: Strikes out swinging
Top of the 8th over - 0 run(s), 0 hit(s), 0 error(s), 0 left on base; Allentown 9 - Waba 4
BOTTOM OF THE 8TH
Waba Ducks batting - Pitching for Allentown Hillbillies : RHP Mario Torres
Batting: RHB Jeremy Flemming 0-0: Foul Ball, location: 2F
0-1: Foul Ball, location: 2F
0-2: Strikes out swinging
Pitching: RHP Dale Downs
Batting: RHB Ángelo García 0-0: Called Strike
0-1: Swinging Strike
0-2: Ball
1-2: Ball
2-2: Strikes out swinging
Batting: RHB Shaun Puckett 0-0: Called Strike
0-1: Ball
1-1: Swinging Strike
1-2: Foul Ball, location: 2F
1-2: Ball
2-2: Strikes out swinging
Bottom of the 8th over - 0 run(s), 0 hit(s), 0 error(s), 0 left on base; Allentown 9 - Waba 4
TOP OF THE 9TH
Allentown Hillbillies batting - Pitching for Waba Ducks : RHP António Mata
Batting: RHB Diego Rivera 0-0: Ball
1-0: Called Strike
1-1: Ball
2-1: Ball
3-1: Called Strike
3-2: Fly out, F3 (Line Drive, 3)
Batting: LHB Eduardo Rodríguez 0-0: Ball
1-0: Foul Ball, location: 2F
1-1: DOUBLE (Flyball, 7LM)
Batting: RHB Dan Banks 0-0: Called Strike
0-1: Swinging Strike
0-2: Strikes out looking
Batting: RHB Carl Brown 0-0: Foul Ball, location: 2F
0-1: Foul Ball, location: 2F
0-2: Ball
1-2: SINGLE (Flyball, 8LS)
Eduardo Rodríguez to third
Runner from 3rd tries for Home, SAFE, no throw
Batting: RHB Bartolo López 0-0: Ball
1-0: Ball
2-0: Fielders Choice at 2nd, 4-6 (Groundball, 4)
Top of the 9th over - 1 run(s), 2 hit(s), 0 error(s), 0 left on base; Allentown 10 - Waba 4
BOTTOM OF THE 9TH
Waba Ducks batting - Pitching for Allentown Hillbillies : RHP Dale Downs
Now at 1B: Germano Labrego
Now at SS: António Yánez
Batting: SHB Reynaldo Gallegos 0-0: Ball
1-0: Called Strike
1-1: Foul Ball, location: 2F
1-2: Strikes out swinging
Batting: RHB Kelly Graham 0-0: Ball
1-0: SINGLE (Line Drive, 89M)
Batting: RHB Pedro Molina 0-0: Ball
1-0: Foul Ball, location: 2F
1-1: Ball
2-1: Ball
3-1: Base on Balls
Kelly Graham to second
Batting: RHB Mario López 0-0: Ball
1-0: Ball
2-0: Ball
3-0: Called Strike
3-1: Base on Balls
Kelly Graham to third
Pedro Molina to second
Batting: RHB Chris Osborn 0-0: Fly out, F8 (Flyball, 8RD)
Runner from 3rd tags up, SCORES, no throw
Batting: RHB Paul Spencer 0-0: Ball
1-0: Ball
2-0: Fielders Choice at 2nd, 4-6 (Groundball, 4)
Bottom of the 9th over - 1 run(s), 1 hit(s), 0 error(s), 1 left on base; Allentown 10 - Waba 5
Thursday, March 30th, 2017 - OOTP Baseball 17.12 Build 75